| TOP OF THE 1ST |
|
Oakland Athletics batting - Pitching for Baltimore Orioles : LHP Aldo Questi
|
|
Pitching: LHP Aldo Questi
|
|
|
Batting: RHB Jason May
|
0-0: Ball 1-0: Swinging Strike 1-1: Called Strike 1-2: Foul Ball, location: 2F 1-2: SINGLE (Flyball, 8LS, EV 86.2 MPH)
|
|
Batting: RHB Tim Cordle
|
0-0: Ball 1-0: DOUBLE (Flyball, 89D, EV 97.5 MPH) Jason May to third
|
|
Batting: RHB Randy Shrewsbury
|
0-0: Foul Ball, location: 2F 0-1: Foul Ball, location: 2F 0-2: Foul Ball, location: 2F 0-2: Ball 1-2: Strikes out swinging
|
|
Batting: RHB Muneo Kawachi
|
0-0: Ball 1-0: Ball 2-0: Fly out, F9 (Flyball, 9LM, EV 100.6 MPH) Runner from 3rd tags up, SCORES, no throw by RF
|
|
Batting: RHB David Herrera
|
0-0: Called Strike 0-1: Ball 1-1: Ball 2-1: Swinging Strike 2-2: Strikes out swinging
|
| Top of the 1st over - 1 run, 2 hits, 0 errors, 1 left on base; Oakland 1 - Baltimore 0 |
| BOTTOM OF THE 1ST |
|
Baltimore Orioles batting - Pitching for Oakland Athletics : RHP Nick Kirk
|
|
Pitching: RHP Nick Kirk
|
|
|
Batting: RHB Saimei Kudo
|
0-0: Called Strike 0-1: Called Strike 0-2: Ball 1-2: Strikes out swinging
|
|
Batting: RHB Vince Jackson
|
0-0: Ball 1-0: Called Strike 1-1: Foul Ball, location: 2F 1-2: Ground out 5-3 (Groundball, 56, EV 85.0 MPH)
|
|
Batting: RHB Rudo Garciaparra
|
0-0: Called Strike 0-1: Ground out 6-3 (Groundball, 56, EV 103.1 MPH)
|
| Bottom of the 1st over - 0 runs, 0 hits, 0 errors, 0 left on base; Oakland 1 - Baltimore 0 |
| TOP OF THE 2ND |
|
Oakland Athletics batting - Pitching for Baltimore Orioles : LHP Aldo Questi
|
|
Batting: RHB Nick Gentzel
|
0-0: Ball 1-0: Swinging Strike 1-1: Foul Ball, location: 2F 1-2: Ball 2-2: Strikes out looking
|
|
Batting: RHB Eric Delgado
|
0-0: Ball 1-0: Fly out, F7 (Flyball, 7, EV 86.2 MPH)
|
|
Batting: LHB Juan Concepcion
|
0-0: Ball 1-0: Swinging Strike 1-1: Called Strike 1-2: Strikes out swinging
|
| Top of the 2nd over - 0 runs, 0 hits, 0 errors, 0 left on base; Oakland 1 - Baltimore 0 |
| BOTTOM OF THE 2ND |
|
Baltimore Orioles batting - Pitching for Oakland Athletics : RHP Nick Kirk
|
|
Batting: SHB Jason Hayes
|
0-0: Ball 1-0: SINGLE (Groundball, 4, EV 103.1 MPH)
|
|
Batting: SHB Robbie Rogers
|
0-0: Ball 1-0: Ball Jason Hayes is caught stealing 2nd base 2-6 2-0: Called Strike 2-1: Called Strike 2-2: Ball 3-2: Ground out 4-3 (Groundball, 4, EV 84.4 MPH)
|
|
Batting: RHB Travis Leonard
|
0-0: Ball 1-0: Foul Ball, location: 2F 1-1: Called Strike 1-2: Strikes out swinging
|
| Bottom of the 2nd over - 0 runs, 1 hit, 0 errors, 0 left on base; Oakland 1 - Baltimore 0 |
| TOP OF THE 3RD |
|
Oakland Athletics batting - Pitching for Baltimore Orioles : LHP Aldo Questi
|
|
Batting: SHB Robert Santiago
|
0-0: Ball 1-0: Fly out, F8 (Line Drive, 8RD, EV 96.2 MPH)
|
|
Batting: RHB Jason May
|
0-0: Swinging Strike 0-1: Ball 1-1: Ball 2-1: Foul Ball, location: 2F 2-2: Ball 3-2: Ground out U3 (Groundball, 3, EV 81.9 MPH)
|
|
Batting: RHB Tim Cordle
|
0-0: Ball 1-0: Ball 2-0: Ball 3-0: Called Strike 3-1: Called Strike 3-2: SINGLE (Groundball, 34D, EV 93.8 MPH)
|
|
Batting: RHB Randy Shrewsbury
|
0-0: Ball 1-0: Ball 2-0: Called Strike 2-1: Called Strike 2-2: Strikes out swinging
|
| Top of the 3rd over - 0 runs, 1 hit, 0 errors, 1 left on base; Oakland 1 - Baltimore 0 |
| BOTTOM OF THE 3RD |
|
Baltimore Orioles batting - Pitching for Oakland Athletics : RHP Nick Kirk
|
|
Batting: SHB Eduardo Maldonado
|
0-0: Swinging Strike 0-1: Foul Ball, location: 2F 0-2: Foul Ball, location: 2F 0-2: Ball 1-2: Fly out, F8 (Flyball, 89M, EV 88.1 MPH)
|
|
Batting: RHB Luis Ramos
|
0-0: Called Strike 0-1: Ball 1-1: Swinging Strike 1-2: Ball 2-2: Foul Ball, location: 2F 2-2: Foul Ball, location: 2F 2-2: Foul Ball, location: 2F 2-2: Foul Ball, location: 2F 2-2: Ball 3-2: Base on Balls
|
|
Batting: RHB Raul Mendoza
|
0-0: Ball 1-0: Called Strike 1-1: Called Strike 1-2: Ball 2-2: Foul Ball, location: 2F 2-2: Ball 3-2: Foul Ball, location: 2F 3-2: Strikes out swinging
|
|
Batting: RHB Saimei Kudo
|
0-0: Called Strike 0-1: Swinging Strike 0-2: Strikes out swinging
|
| Bottom of the 3rd over - 0 runs, 0 hits, 0 errors, 1 left on base; Oakland 1 - Baltimore 0 |
| TOP OF THE 4TH |
|
Oakland Athletics batting - Pitching for Baltimore Orioles : LHP Aldo Questi
|
|
Batting: RHB Muneo Kawachi
|
0-0: Ground out 6-3 (Groundball, 6, EV 81.2 MPH)
|
|
Batting: RHB David Herrera
|
0-0: Ball 1-0: Called Strike 1-1: Ball 2-1: Called Strike 2-2: Strikes out swinging
|
|
Batting: RHB Nick Gentzel
|
0-0: Ball 1-0: Ball 2-0: Ground out U3 (Groundball, 3, EV 103.1 MPH)
|
| Top of the 4th over - 0 runs, 0 hits, 0 errors, 0 left on base; Oakland 1 - Baltimore 0 |
| BOTTOM OF THE 4TH |
|
Baltimore Orioles batting - Pitching for Oakland Athletics : RHP Nick Kirk
|
|
Batting: RHB Vince Jackson
|
0-0: Fly out, F8 (Flyball, 8RD, EV 103.8 MPH)
|
|
Batting: RHB Rudo Garciaparra
|
0-0: Ball 1-0: Ball 2-0: Called Strike 2-1: Foul Ball, location: 2F 2-2: Strikes out swinging
|
|
Batting: SHB Jason Hayes
|
0-0: Called Strike 0-1: Ball 1-1: Foul Ball, location: 2F 1-2: Ball 2-2: Ball 3-2: Base on Balls
|
|
Pitching: LHP Katsumi Takaki
|
|
|
Batting: SHB Robbie Rogers
|
0-0: Called Strike 0-1: Fly out, F7 (Line Drive, 78D, EV 105.6 MPH)
|
| Bottom of the 4th over - 0 runs, 0 hits, 0 errors, 1 left on base; Oakland 1 - Baltimore 0 |
| TOP OF THE 5TH |
|
Oakland Athletics batting - Pitching for Baltimore Orioles : LHP Aldo Questi
|
|
Now at 1B: Vince Jackson
|
|
|
Now at 2B: Joe Young
|
|
|
Batting: RHB Eric Delgado
|
0-0: Ball 1-0: Foul Ball, location: 2F 1-1: DOUBLE (Flyball, 8RXD, EV 95.0 MPH)
|
|
Batting: LHB Juan Concepcion
|
0-0: Ball 1-0: Ground out 4-3 (Groundball, 4S, EV 90.6 MPH) Eric Delgado to third
|
|
Batting: SHB Robert Santiago
|
0-0: Foul Ball, location: 2F 0-1: Foul Ball, location: 2F 0-2: Ball 1-2: Ground out 4-3 (Groundball, 4, EV 93.1 MPH) Eric Delgado scores
|
|
Batting: RHB Jason May
|
0-0: Fly out, F3 (Popup, 23F, EV 85.0 MPH)
|
| Top of the 5th over - 1 run, 1 hit, 0 errors, 0 left on base; Oakland 2 - Baltimore 0 |
| BOTTOM OF THE 5TH |
|
Baltimore Orioles batting - Pitching for Oakland Athletics : LHP Katsumi Takaki
|
|
Now at C: Garry Hash
|
|
|
Now at 2B: Robert Santiago
|
|
|
Now at 3B: Tom Butterbaugh
|
|
|
Now at SS: Larry Clark
|
|
|
Now in RF: Jeff Luvisi
|
|
|
Batting: RHB Travis Leonard
|
0-0: Ball 1-0: Called Strike 1-1: Foul Ball, location: 2F 1-2: SINGLE (Line Drive, 4D, EV 100.6 MPH)
|
|
Batting: SHB Eduardo Maldonado
|
0-0: Called Strike 0-1: Ball 1-1: Ball 2-1: Foul Ball, location: 2F 2-2: Foul Ball, location: 2F 2-2: Foul Ball, location: 2F 2-2: Ball 3-2: Strikes out swinging Travis Leonard steals 2nd base Batter strikes out.
|
|
Batting: RHB Luis Ramos
|
0-0: SINGLE (Flyball, 8LS, EV 93.8 MPH) Travis Leonard to third
|
|
Batting: RHB Raul Mendoza
|
0-0: Called Strike 0-1: Swinging Strike 0-2: Foul Ball, location: 2F 0-2: Strikes out looking
|
|
Batting: RHB Saimei Kudo
|
0-0: Called Strike 0-1: Foul Ball, location: 2F 0-2: Strikes out swinging
|
| Bottom of the 5th over - 0 runs, 2 hits, 0 errors, 2 left on base; Oakland 2 - Baltimore 0 |
| TOP OF THE 6TH |
|
Oakland Athletics batting - Pitching for Baltimore Orioles : LHP Aldo Questi
|
|
Pitching: RHP Bobby Marble
|
|
|
Now at C: Tylor Cyr
|
|
|
Batting: LHB Tom Butterbaugh
|
0-0: Called Strike 0-1: Ball 1-1: Ground out 5-3 (Groundball, 56, EV 107.5 MPH)
|
|
Batting: LHB Jeff Luvisi
|
0-0: Ball 1-0: Called Strike 1-1: Foul Ball, location: 2F 1-2: Strikes out swinging
|
|
Pinch Hitting: LHB Tomas Segarra
|
0-0: Ball 1-0: Swinging Strike 1-1: Called Strike 1-2: Strikes out swinging
|
| Top of the 6th over - 0 runs, 0 hits, 0 errors, 0 left on base; Oakland 2 - Baltimore 0 |
| BOTTOM OF THE 6TH |
|
Baltimore Orioles batting - Pitching for Oakland Athletics : LHP Katsumi Takaki
|
|
Now in CF: Tomas Segarra
|
|
|
Pinch Hitting: RHB Bobby Ayala
|
0-0: Ball 1-0: Called Strike 1-1: Ball 2-1: Ball 3-1: Base on Balls
|
|
Pinch Hitting: RHB Dave McBain
|
0-0: Foul Ball, location: 2F 0-1: Ball 1-1: Called Strike 1-2: Foul Ball, location: 2F 1-2: Ball 2-2: Ball 3-2: Foul Ball, location: 2F 3-2: Base on Balls Bobby Ayala to second
|
|
Batting: RHB Josh Harmon
|
0-0: Ball 1-0: Called Strike 1-1: Swinging Strike 1-2: Foul Ball, location: 2F 1-2: Foul Ball, location: 2F 1-2: Fielders Choice at 2nd, 1-4 (Groundball, 15S, EV 64.4 MPH) Bobby Ayala to third
|
|
Batting: RHB Joe Young
|
0-0: Ball 1-0: Foul Ball, location: 2F 1-1: Ball 2-1: Foul Ball, location: 2F 2-2: Foul Ball, location: 2F 2-2: Ball 3-2: Fielders Choice at 2nd, 4-6 (Groundball, 4, EV 88.1 MPH) Bobby Ayala scores
|
|
Pitching: RHP Victor Sanchez
|
|
|
Pinch Hitting: RHB Daniel Jackson
|
0-0: Ground out 4-3 (Groundball, 4, EV 83.1 MPH)
|
| Bottom of the 6th over - 1 run, 0 hits, 0 errors, 1 left on base; Oakland 2 - Baltimore 1 |
| TOP OF THE 7TH |
|
Oakland Athletics batting - Pitching for Baltimore Orioles : RHP Bobby Marble
|
|
Now at 1B: Bobby Ayala
|
|
|
Now at SS: Dave McBain
|
|
|
Now in LF: Daniel Jackson
|
|
|
Pinch Hitting: LHB Bob Branham
|
0-0: Ball 1-0: Called Strike 1-1: SOLO HOME RUN (Flyball, 8LXD, EV 115.0 MPH), Distance : 463 ft
|
|
Batting: RHB Garry Hash
|
0-0: Ball 1-0: Foul Ball, location: 2F 1-1: Ball 2-1: Foul Ball, location: 2F 2-2: Ball 3-2: Foul Ball, location: 2F 3-2: Foul Ball, location: 2F 3-2: Base on Balls
|
|
Batting: RHB Larry Clark
|
0-0: Called Strike Garry Hash steals 2nd base (no throw) 0-1: Fly out, F9 (Flyball, 9, EV 91.9 MPH)
|
|
Pinch Hitting: LHB R.J. O'Brien
|
0-0: Ball 1-0: Swinging Strike 1-1: Ball 2-1: Foul Ball, location: 2F 2-2: Ball 3-2: Ground out 6-3 (Groundball, 6, EV 91.9 MPH) Garry Hash to third
|
|
Pitching: LHP Silas Chinn
|
|
|
Pinch Hitting: SHB Quincy Bradford
|
0-0: Ball 1-0: Called Strike 1-1: Ball 2-1: Ground out 4-3 (Groundball, 4MD, EV 107.5 MPH)
|
| Top of the 7th over - 1 run, 1 hit, 0 errors, 1 left on base; Oakland 3 - Baltimore 1 |
| BOTTOM OF THE 7TH |
|
Baltimore Orioles batting - Pitching for Oakland Athletics : RHP Victor Sanchez
|
|
Pitching: RHP Jalen Cobbins
|
|
|
Now at 1B: Jorge Severiano
|
|
|
Now at 2B: Quincy Bradford
|
|
|
Now in LF: R.J. O'Brien
|
|
|
Batting: RHB Tylor Cyr
|
0-0: Foul Ball, location: 2F 0-1: Ball 1-1: Foul Ball, location: 2F 1-2: Foul Ball, location: 2F 1-2: Strikes out swinging
|
|
Batting: RHB Luis Ramos
|
0-0: Called Strike 0-1: Swinging Strike 0-2: Foul Ball, location: 2F 0-2: Strikes out swinging
|
|
Batting: RHB Raul Mendoza
|
0-0: Ball 1-0: Ball 2-0: Called Strike 2-1: Foul Ball, location: 2F 2-2: Strikes out looking
|
| Bottom of the 7th over - 0 runs, 0 hits, 0 errors, 0 left on base; Oakland 3 - Baltimore 1 |
| TOP OF THE 8TH |
|
Oakland Athletics batting - Pitching for Baltimore Orioles : LHP Silas Chinn
|
|
Pitching: RHP Pat Wiggins
|
|
|
Batting: RHB Chris Prinzing
|
0-0: Swinging Strike 0-1: Ball 1-1: Swinging Strike 1-2: Ball 2-2: Strikes out swinging
|
|
DELAY
|
Rain delay of 48 minutes in the 8th inning.
|
|
Batting: LHB Tom Butterbaugh
|
0-0: Ball 1-0: Ball 2-0: Ball 3-0: Base on Balls
|
|
Batting: LHB Jeff Luvisi
|
0-0: Ball 1-0: Ball 2-0: Called Strike 2-1: Foul Ball, location: 2F 2-2: 2-RUN HOME RUN (Flyball, 9D, EV 105.0 MPH), Distance : 411 ft
|
|
Batting: LHB Tomas Segarra
|
0-0: Ball 1-0: Ball 2-0: Ball 3-0: Base on Balls
|
|
Batting: RHB Jorge Severiano
|
0-0: Ball 1-0: Called Strike 1-1: Ball 2-1: Swinging Strike 2-2: Foul Ball, location: 2F 2-2: Foul Ball, location: 2F 2-2: Foul Ball, location: 2F 2-2: Ball 3-2: Foul Ball, location: 2F 3-2: Foul Ball, location: 2F 3-2: Fly out, F8 (Flyball, 78M, EV 71.2 MPH)
|
|
Batting: RHB Garry Hash
|
0-0: Ball 1-0: TRIPLE (Line Drive, 9LD, EV 106.2 MPH) Tomas Segarra scores
|
|
Batting: RHB Larry Clark
|
0-0: Ball 1-0: Called Strike 1-1: Foul Ball, location: 2F 1-2: Fly out, F6 (Popup, P, EV 81.9 MPH)
|
| Top of the 8th over - 3 runs, 2 hits, 0 errors, 1 left on base; Oakland 6 - Baltimore 1 |
| BOTTOM OF THE 8TH |
|
Baltimore Orioles batting - Pitching for Oakland Athletics : RHP Jalen Cobbins
|
|
Batting: RHB Saimei Kudo
|
0-0: Foul Ball, location: 2F 0-1: Foul Ball, location: 2F 0-2: Strikes out swinging
|
|
Batting: RHB Bobby Ayala
|
0-0: Ball 1-0: Ball 2-0: Ball 3-0: Base on Balls
|
|
Batting: RHB Dave McBain
|
0-0: DOUBLE (Line Drive, 9LD, EV 101.9 MPH) Bobby Ayala to third
|
|
Batting: RHB Josh Harmon
|
0-0: Swinging Strike 0-1: Ball 1-1: Foul Ball, location: 2F 1-2: Foul Ball, location: 2F 1-2: Ball 2-2: Foul Ball, location: 2F 2-2: Strikes out looking
|
|
Pitching: RHP Andrew Douglas
|
|
|
Batting: RHB Joe Young
|
0-0: Ball 1-0: Fly out, F7 (Flyball, 7S, EV 92.5 MPH)
|
| Bottom of the 8th over - 0 runs, 1 hit, 0 errors, 2 left on base; Oakland 6 - Baltimore 1 |
| TOP OF THE 9TH |
|
Oakland Athletics batting - Pitching for Baltimore Orioles : RHP Pat Wiggins
|
|
Pitching: RHP Antonio Escobosa
|
|
|
Batting: LHB R.J. O'Brien
|
0-0: Swinging Strike 0-1: Fly out, F7 (Flyball, 7S, EV 85.6 MPH)
|
|
Batting: SHB Quincy Bradford
|
0-0: Ball 1-0: Ball 2-0: Ball 3-0: Base on Balls
|
|
Batting: RHB Chris Prinzing
|
0-0: Ball 1-0: Ball 2-0: Foul Ball, location: 2F 2-1: Foul Ball, location: 2F 2-2: Strikes out looking
|
|
Pinch Hitting: SHB Ryan Langlois
|
0-0: Ball 1-0: Called Strike 1-1: Ball 2-1: Foul Ball, location: 2F 2-2: Foul Ball, location: 2F 2-2: Fly out, F9 (Line Drive, 89M, EV 90.6 MPH)
|
| Top of the 9th over - 0 runs, 0 hits, 0 errors, 1 left on base; Oakland 6 - Baltimore 1 |
| BOTTOM OF THE 9TH |
|
Baltimore Orioles batting - Pitching for Oakland Athletics : RHP Andrew Douglas
|
|
Now at 3B: Ryan Langlois
|
|
|
Batting: RHB Daniel Jackson
|
0-0: Called Strike 0-1: Ground out 5-3 (Groundball, 56, EV 82.5 MPH)
|
|
Batting: RHB Tylor Cyr
|
0-0: Foul Ball, location: 2F 0-1: Ball 1-1: Ground out 6-3 (Groundball, 6, EV 85.6 MPH)
|
|
Batting: RHB Luis Ramos
|
0-0: Swinging Strike 0-1: Ball 1-1: Fly out, F9 (Flyball, 9, EV 88.1 MPH)
|
| Bottom of the 9th over - 0 runs, 0 hits, 0 errors, 0 left on base; Oakland 6 - Baltimore 1 |
|